Map: Eastwatch LE

Players

Dear - Winner!

  • Race: Protoss Protoss
  • Spawn Location: 7:00

Impact

  • Race: Zerg Zerg
  • Spawn Location: 1:00

Event: IEM Season 12 - Katowice

VOD

Have the link to the VOD?

Description

Time

  • Played on: March 3, 2018, 8:07 a.m.
  • Length: 7:06

All games in this series

Show
View Real Time Build Order
Export as new Build Order

Dear Protoss - Winner!

Build Orders: 1 Gate Expand, Phoenix Opening 

Get SALT Encoding   

  12  0:00  Probe  
  13  0:12  Probe  
  14  0:18  Pylon  
  14  0:24  Probe (Chrono Boost)  
  15  0:36  Probe (Chrono Boost)  
  16  0:44  Gateway  
  16  0:45  Probe (Chrono Boost)  
  16  0:47  Assimilator  
  17  0:51  Probe  
  18  1:03  Probe  
  19  1:15  Probe  
  20  1:25  Nexus  
  20  1:35  Cybernetics Core  
  20  1:38  Probe  
  21  1:44  Assimilator  
  21  1:50  Probe  
  21  1:54  Pylon  
  22  2:02  Probe  
  23  2:10  Adept (Chrono Boost)  
  23  2:14  Stargate  
  25  2:17  Probe  
  26  2:24  Warp Gate  
  26  2:29  Adept, Probe (Chrono Boost)  
  27  2:37  Probe (Chrono Boost)  
  30  2:41  Probe (Chrono Boost)  
  31  2:48  Probe (Chrono Boost)  
  31  2:49  Probe (Chrono Boost)  
  33  2:52  Probe (Chrono Boost)  
  33  2:55  Probe  
  33  2:57  Phoenix (Chrono Boost)  
  37  3:03  Probe  
  38  3:07  Probe  
  39  3:15  Probe  
  39  3:17  Robotics Facility  
  39  3:19  Probe  
  41  3:20  Pylon  
  43  3:29  Probe  
  43  3:31  Probe  
  45  3:42  Twilight Council  
  43  3:48  Gateway  
  43  3:49  Gateway  
  43  3:50  Gateway  
  43  3:57  Gateway  
  43  3:58  Gateway  
  43  4:01  Warp Prism (Chrono Boost)  
  45  4:14  Gateway  
  45  4:15  Gateway  
  45  4:16  Charge (Chrono Boost)  
  45  4:27  Gateway  
  45  4:28  Zealot  
  47  4:36  Pylon  
  47  4:37  Pylon  
  47  4:47  Pylon  
  47  4:58  Zealot x5  
  57  5:00  Zealot  
  57  5:03  Pylon  
  59  5:19  Zealot x5  
  59  5:20  Zealot  
  71  5:23  Zealot  
  71  5:26  Zealot  
  75  5:29  Zealot  
  77  5:44  Zealot x4  
  77  5:45  Zealot  
  75  5:51  Zealot  
  75  5:52  Zealot  
  75  5:56  Zealot  
  75  6:03  Zealot  
  69  6:18  Zealot x5  
  69  6:19  Zealot  
  79  6:26  Zealot x2  
  79  6:30  Zealot  
  75  6:40  Zealot x4  
  75  6:45  Zealot  
  81  6:58  Zealot x3  
  83  7:02  Zealot  
Show
View Real Time Build Order
Export as new Build Order

Impact Zerg 

Build Orders: Hatch First 

Get SALT Encoding   

  12  0:00  Drone  
  13  0:13  Overlord  
  13  0:17  Drone  
  14  0:31  Drone x2  
  16  0:38  Drone  
  17  0:52  Hatchery  
  17  0:55  Drone  
  17  1:00  Drone  
  18  1:08  Drone  
  19  1:11  Extractor  
  18  1:18  Spawning Pool  
  18  1:21  Drone  
  18  1:29  Drone  
  19  1:39  Drone  
  20  1:50  Hatchery  
  20  1:53  Drone  
  20  2:01  Drone  
  21  2:05  Zergling x2  
  22  2:10  Metabolic Boost  
  22  2:22  Queen  
  22  2:27  Overlord  
  24  2:33  Zergling x4  
  24  2:35  Zergling x2  
  27  2:41  Drone  
  28  2:45  Queen  
  28  2:47  Drone x2  
  32  2:51  Drone  
  32  2:55  Drone  
  34  3:04  Queen  
  36  3:06  Drone  
  36  3:07  Drone  
  36  3:08  Overlord  
  38  3:14  Drone x2  
  38  3:16  Overlord  
  40  3:21  Drone  
  40  3:23  Overlord  
  41  3:28  Drone  
  41  3:31  Overlord  
  42  3:34  Drone x2  
  44  3:42  Drone x2  
  44  3:43  Drone, Queen  
  44  3:47  Drone  
  44  3:48  Overlord  
  50  3:55  Spore Crawler  
  49  3:56  Drone  
  49  3:57  Drone x2  
  49  3:58  Spore Crawler  
  49  3:59  Spore Crawler  
  49  4:00  Drone  
  51  4:04  Drone x2  
  51  4:05  Extractor  
  51  4:06  Drone  
  53  4:10  Drone  
  53  4:12  Drone x2  
  53  4:15  Lair  
  56  4:17  Drone  
  56  4:22  Roach Warren  
  56  4:27  Drone  
  56  4:29  Drone x2  
  56  4:30  Extractor  
  56  4:31  Drone x2, Overlord  
  60  4:32  Extractor  
  60  4:33  Zergling x4  
  60  4:35  Zergling x2  
  62  4:42  Overlord  
  62  4:43  Overlord  
  61  4:55  Spine Crawler  
  60  5:01  Roach x3  
  60  5:02  Roach x5  
  60  5:03  Roach  
  60  5:04  Roach  
  60  5:05  Zergling x2  
  81  5:10  Roach  
  81  5:12  Roach, Spine Crawler  
  81  5:14  Roach  
  85  5:18  Roach, Zergling x6  
  85  5:20  Zergling x2  
  91  5:23  Roach  
  91  5:25  Roach  
  95  5:29  Zergling x2  
  95  5:30  Roach  
  95  5:35  Overlord  
  98  5:38  Queen, Overlord  
  98  5:40  Glial Reconstitution  
  90  5:44  Roach  
  90  5:46  Roach  
  90  5:47  Roach  
  85  5:52  Roach  
  82  5:59  Ravager  
  82  6:00  Zergling x2  
  82  6:01  Zergling x4  
  82  6:07  Roach  
  82  6:11  Roach, Queen x2  
  82  6:12  Zergling x2  
  82  6:18  Roach  
  87  6:23  Roach, Zergling x2  
  86  6:31  Roach x2  
  83  6:34  Roach  
  68  6:40  Roach  
  68  6:44  Zergling x4  
  54  6:48  Zergling x2  
  54  6:49  Zergling x2  

Tags
 
Add a new tag
Caveats
  • Supply blocks, unpowered buildings, or Contaminate may cause inaccurate times.
  • Supply counts are checked every 10 seconds.